 Dungeon Crawl Stone Soup version 0.24-a0-583-g87330a484a (webtiles) character file.

Game seed: 9075820828873120042, levelgen mode: deterministic

345 Gynju the Shield-Bearer (level 6, 0/50 HPs)
             Began as a Formicid Fighter on Aug 28, 2019.
             Succumbed to a scorpion's poison
             ... on level 4 of the Dungeon.
             The game lasted 00:07:05 (2624 turns).

Gynju the Shield-Bearer (Formicid Fighter)          Turns: 2624, Time: 00:07:06

Health: 0/50       AC:  7    Str: 23    XL:     6   Next: 90%
Magic:  6/6        EV:  8    Int:  7    God:
Gold:   195        SH: 10    Dex: 10    Spells: 5/5 levels left

rFire    . . .     SeeInvis +   a - +0 war axe
rCold    . . .     Gourm    .   c - +0 shield
rNeg     . . .     Faith    .   b - +0 scale mail
rPois    .         Spirit   .   (helmet unavailable)
rElec    .         Reflect  .   (no cloak)
rCorr    .         Harm     .   (no gloves)
MR       .....                  (no boots)
Stlth    ..........             (no amulet)
HPRegen  0.16/turn              (no ring)
MPRegen  0.10/turn              (no ring)

@: lethally poisoned (0 -> -6)
A: permanent stasis, dig shafts and tunnels, four strong arms, antennae 3
a: Dig, Shaft Self


You were on level 4 of the Dungeon.
You were not hungry.

You visited 1 branch of the dungeon, and saw 4 of its levels.

You collected 195 gold pieces.

Inventory:

Hand Weapons
 a - a +0 war axe (weapon)
Armour
 b - a +0 scale mail (worn)
 c - a +0 shield (worn)
Jewellery
 m - an uncursed ring of see invisible {unknown}
Scrolls
 g - 2 scrolls of teleportation {unknown}
 h - 3 scrolls of fog {unknown}
 i - 2 scrolls of remove curse {unknown}
 k - 5 scrolls of identify {unknown}
 l - a scroll of random uselessness {unknown}
 q - a scroll of enchant weapon {unknown}
 s - a scroll of immolation {unknown}
Potions
 d - a potion of might
 e - 3 potions of agility {unknown}
 j - 2 potions of heal wounds {unknown}
 n - 3 potions of curing
 o - a potion of resistance {unknown}
 p - a potion of berserk rage {unknown}
Comestibles
 f - 3 rations


   Skills:
 + Level 4.8 Fighting
 + Level 3.7 Axes
 + Level 4.8 Armour
 + Level 5.3 Shields


You had 5 spell levels left.
You didn't know any spells.
Your spell library was empty.

Dungeon Overview and Level Annotations

Branches:
Dungeon (4/15)
 Temple: D:4-7

Altars:
Ashenzari
Fedhas
Trog
Uskayaw
Wu Jian


Innate Abilities, Weirdness & Mutations

You cannot be hasted, slowed, berserked, paralysed or teleported.
You can dig through walls and to a lower floor.
Your four strong arms can wield two-handed weapons with a shield.
You have a pair of large antennae on your head. (SInv)


Message History

The iguana is heavily wounded.
You feel sick. The iguana bites you!
* * * LOW HITPOINT WARNING * * *
You block the adder's attack. You block the iguana's attack.
You slash the iguana!
You kill the iguana!
You hit the adder but do no damage.
* * * LOW HITPOINT WARNING * * *
You feel sick. The adder barely misses you. x2
You slash the adder!
You kill the adder!
You hit the worker ant but do no damage.
* * * LOW HITPOINT WARNING * * *
You feel sick. You block the worker ant's attack.
The worker ant bites you but does no damage.
* * * LOW HITPOINT WARNING * * *
You feel sick. You block the worker ant's attack.
You see here an adder corpse.
Your shield and scale mail prevent you from hitting the worker ant.
You die...

.....# #. .......# ##..
.......# ....# ......
..... ....# ...... #...#
###.....)..
......++...#............
#....@a..#.....##.....
#........#.....##.....
#.......†..#.....#......
#................#......
#...##.......#####......
#... ####.......<#......
#.. ###......#...... $.
#......#......
###...........


You could see a worker ant.

Vanquished Creatures
  A scorpion (D:4)
  A howler monkey (D:4)
  A hound (D:3)
  Jessica (D:3)
  An iguana (D:4)
  Natasha (thrice) (D:3)
  5 adders
  An ooze (D:1)
  A dart slug (D:1)
  3 leopard geckos (D:1)
  An orc (D:3)
  A giant cockroach (D:1)
  4 goblins
  5 hobgoblins
  6 jackals
  10 kobolds
  A ball python (D:3)
  4 bats
  3 frilled lizards
  A leopard gecko skeleton (D:4)
  4 rats
58 creatures vanquished.

Notes
Turn   | Place    | Note
-------+----------+-------------------------------------------
     0 | D:1      | Gynju the Formicid Fighter began the quest for the Orb.
     0 | D:1      | Reached XP level 1. HP: 18/18 MP: 1/1
    14 | D:1      | Reached XP level 2. HP: 22/24 MP: 2/2
   162 | D:1      | Reached skill level 4 in Shields
   176 | D:1      | Reached XP level 3. HP: 29/29 MP: 3/3
   976 | D:2      | Reached XP level 4. HP: 15/37 MP: 4/4
  1463 | D:2      | Found a bloodstained altar of Trog.
  1741 | D:3      | Found a blossoming altar of Fedhas.
  1867 | D:3      | Found a shattered altar of Ashenzari.
  1885 | D:3      | Reached XP level 5. HP: 41/42 MP: 5/5
  2037 | D:3      | Noticed a +0 dagger
  2038 | D:3      | Noticed a +0 hand axe
  2040 | D:3      | Noticed Natasha
  2041 | D:3      | Found a hide-covered altar of Uskayaw.
  2048 | D:3      | Killed Natasha
  2084 | D:3      | Noticed Natasha
  2093 | D:3      | Killed Natasha
  2226 | D:3      | Noticed Natasha
  2232 | D:3      | Killed Natasha
  2232 | D:3      | Reached XP level 6. HP: 45/49 MP: 6/6
  2270 | D:3      | Found a faded altar of an unknown god.
  2400 | D:3      | Noticed Jessica
  2402 | D:3      | Killed Jessica
  2513 | D:4      | Found an ornate altar of the Wu Jian Council.
  2602 | D:4      | Reached skill level 5 in Shields
  2622 | D:4      | HP: 2/50 [poisoned by a scorpion]
  2624 | D:4      | Succumbed to a scorpion's poison

Levels and vault maps discovered:
D:1:      dpeg_arrival_arbitrary_b, layout_rooms, minmay_misc_feat_secret_circle
D:2:      layout_basic, trog_three_pillars_becter
D:3:      layout_rooms, dancing_weapons_uskayaw, ashenzari_conservatory_becter,
          fedhas_altar_3, chequers_ecumenical_altar_grove, uniq_natasha,
          uniq_jessica
D:4:      layout_basic, kennysheep_mini, kennysheep_mini_moat, first_ration,
          gammafunk_ghost_split

Skill      XL: |  1  2  3  4  5  6 |
---------------+-------------------+-----
Shields        | 4 5 |  5.3
Fighting       | 4 |  4.8
Armour         | 4 |  4.8
Axes           | 3 |  3.7

Action                   |  1- 3 |  4- 6 || total
-------------------------+-------+-------++-------
Melee: War axe           |    98 |   107 ||   205
  Eat: Chunk             |       |     6 ||     6
Armor: Scale mail        |    59 |    49 ||   108
Dodge: Dodged            |    40 |    44 ||    84
Block: Shield            |    61 |    61 ||   122

Table legend:
 A = Non-vault XP
 B = Vault XP
 C = Vault XP percentage of total XP
 D = Non-vault monster count
 E = Vault monster count
 F = Vault count percentage of total count
                 A         B        C        D         E       F
            +---------+---------+-------+---------+---------+-------
      Total |     422 |      72 |  14.6 |      56 |       2 |   3.4
            +---------+---------+-------+---------+---------+-------
        D:1 |      54 |       0 |   0.0 |      26 |       0 |   0.0
        D:2 |      45 |       0 |   0.0 |      14 |       0 |   0.0
        D:3 |     136 |      72 |  34.6 |      10 |       2 |  16.7
        D:4 |     187 |       0 |   0.0 |       6 |       0 |   0.0
            +---------+---------+-------+---------+---------+-------
